cohdb
Replays
Latest Replays
All Replays
Popular Replays
Top Player Replays
Match Explorer
How It Works
Community
CoH3 Stats
Reddit
Sign in to upload your games and track your stats! →
Sign in with Steam
Match 42693248
Unlisted
Match 42693248
Overview
Messages
Build Orders
End
Selects Heavy Armor Battlegroup
Construct Section Command Post
Vickers Machine Gun Team
Infantry Section
Grenade Package
Infantry Section
Construct Field Infirmary
Infantry Section
ML 3-inch Mortar Team
Construct Platoon Command Post
Selects Engineer Detachments
Unlock M3 Stuart Light Tanks
Selects Forward Repair Assembly
Selects UNKNOWN (2162094)
M3 Stuart Light Tank
M3 Stuart Light Tank
Royal Engineer Section
Infantry Section
Infantry Section
6-pounder Anti-tank Gun Team
Infantry Section
Infantry Section
Selects Light Vehicle Withdraw and Refit
Selects UNKNOWN (202330)
Selects Designate Targets
Construct Company Command Post
Matilda II Heavy Tank
Unlock M3 Grant Medium Tanks
Infantry Section
Infantry Section
Infantry Section
补枪?我给你补个蛋!
bzzzzz
super1kakashka2015
Guderian ITA
Fajolada
Marchino
0
0
Comments
sign in to comment!
No comments posted yet!